AoeStats
← PatrickPornstar

Arabia

511367193Analyzed
1v1 RM · 1mo ago on Oct 4, 2026· 31m 7s· 2 players
Game mode
Random Map
Map size
Tiny (2 player)
Population
200
Speed
Normal
Resources
Standard
Victory
Conquest
Starting age
Dark Age
Ending age
Imperial Age
RankedLock teamsTeams togetherTeam positionsShared explorationLock speedFull tech treeHidden civsTurbo modeCheats
Victory
Defeat
🇩🇪 Berbers · Germany
1151
+14
vs
🇧🇪 Burgundians · Belgium
1110
-14
[SSB] YzerGeek
7:14 Loom
9:40 Feudal Age
9:48 Double-Bit Axe
14:28 Horse Collar
20:05 Castle Age
21:09 Forging
21:05 Scale Barding Armor
22:18 Gold Mining
22:54 Cavalier
23:54 Bow Saw
25:06 Pikeman
PatrickPornstar
7:03 Loom
9:25 Feudal Age
20:25 Castle Age
20:01 Forging
19:56 Scale Barding Armor
20:54 Bloodlines
21:18 Double-Bit Axe
23:19 Iron Casting
25:52 Husbandry
29:27 Wheelbarrow
29:03 Bow Saw
Connection lost

Rejoining the realm…

Still unreachable

The connection could not be restored.

Session expired

The server has moved on; the page needs a fresh start.